 Dungeon Crawl Stone Soup version 0.22.0-16-gc6d26f6 (webtiles) character file.

10441 Azzok the Cleaver (level 11, -10/106 HPs)
             Began as a Deep Dwarf Fighter on Aug 17, 2018.
             Was a High Priest of Makhleb.
             Mangled by a spiny frog (11 damage)
             ... on level 1 of the Lair of Beasts.
             The game lasted 00:22:18 (9176 turns).

Azzok the Cleaver (Deep Dwarf Fighter)              Turns: 9176, Time: 00:22:19

Health: -10/106    AC: 11    Str: 23    XL:     11   Next: 36%
Magic:  10/10      EV: 10    Int:  9    God:    Makhleb [*****.]
Gold:   518        SH:  9    Dex: 12    Spells: 10/10 levels left

rFire    . . .     SeeInvis .   i - +4 whip (venom)
rCold    . . .     Gourm    .   c - +0 shield
rNeg     . . .     Faith    .   r - +0 chain mail
rPois    +         Spirit   .   (no helmet)
rElec    .         Reflect  .   (no cloak)
rCorr    .         Harm     .   q - +1 pair of gloves
MR       +....                  (no boots)
Stlth    ..........             (no amulet)
HPRegen  0.00/turn              G - ring "Nil Napn" {+Inv rPois}
MPRegen  0.12/turn              y - +5 ring of evasion

@: lethally poisoned (-10 -> -10), non-regenerating
A: damage resistance, heal wounds, sense surroundings 2, no regeneration
a: Heal Wounds, Minor Destruction, Lesser Servant of Makhleb, Major Destruction,
Greater Servant of Makhleb, Renounce Religion, Evoke Invisibility


You were on level 1 of the Lair of Beasts.
You worshipped Makhleb.
Makhleb was extremely pleased with you.
You were not hungry.

You visited 3 branches of the dungeon, and saw 13 of its levels.
You also visited: Sewer.

You collected 657 gold pieces.
You spent 139 gold pieces at shops.

Inventory:

Hand Weapons
 a - a +0 war axe of chopping
 i - a +4 whip of venom (weapon)
Missiles
 C - 8 javelins (quivered)
Armour
 c - a +0 shield (worn)
 q - a +1 pair of gloves (worn)
 r - a +0 chain mail (worn)
Jewellery
 y - a +5 ring of evasion (right hand)
 A - an uncursed ring of resist corrosion
 G - the ring "Nil Napn" (left hand) {+Inv rPois}
   (You took it off an orc on level 10 of the Dungeon)

   [ring of poison resistance]

   It protects you from poison.
   It lets you turn invisible.
Wands
 g - a wand of acid (22)
 k - a wand of paralysis (8)
 p - a wand of iceblast (18)
 z - a wand of disintegration (3)
 H - a wand of polymorph (4)
Scrolls
 n - a scroll of enchant weapon
 o - 3 scrolls of amnesia
 t - 4 scrolls of enchant armour
 v - 4 scrolls of blinking
 w - 3 scrolls of remove curse
 x - 2 scrolls of torment
 E - 2 scrolls of teleportation
 F - 3 scrolls of magic mapping {unknown}
 K - a scroll of summoning {unknown}
Potions
 b - a potion of haste {unknown}
 d - a potion of might
 e - 2 potions of invisibility {unknown}
 h - 4 potions of flight
 j - a potion of magic
 l - 3 potions of curing
 m - 3 potions of lignification
 u - 2 potions of cancellation
 B - 2 potions of resistance {unknown}
 D - 2 potions of agility
Comestibles
 f - 17 rations
 J - 5 chunks of flesh


   Skills:
 + Level 9.3 Fighting
 + Level 12.6 Axes
 - Level 3.4 Armour
 - Level 3.4 Shields
 + Level 12.1 Evocations


You had 10 spell levels left.
You didn't know any spells.
Your spell library contained the following spells:

 Spells                   Type           Power        Failure   Level  Hunger
 Cause Fear               Hex            #.........   100%        4    #####..
 Magic Dart               Conj           #...         100%        1    ##.....
 Lightning Bolt           Conj/Air       #.........   100%        5    ######.
 Slow                     Hex            #.......     100%        2    ###....
 Confuse                  Hex            #.......     100%        3    ####...
 Shock                    Conj/Air       #...         100%        1    ##.....
 Swiftness                Chrm/Air       #.......     100%        2    ###....
 Airstrike                Air            #.........   100%        4    #####..
 Confusing Touch          Hex            #.....       100%        1    ##.....
 Metabolic Englaciation   Hex/Ice        #.........   100%        5    ######.
 Static Discharge         Conj/Air       #.......     100%        3    ####...
 Corona                   Hex            #......      100%        1    ##.....
 Portal Projectile        Hex/Tloc       #.....       100%        3    ####...
 Petrify                  Tmut/Erth      #.......     100%        4    #####..
 Leda's Liquefaction      Hex/Erth       #.........   100%        4    #####..
 Inner Flame              Hex/Fire       #.......     100%        3    ####...
 Gell's Gravitas          Tloc           #.........   100%        3    ####...
 Yara's Violent Unravell  Hex/Tmut       #.........   100%        5    ######.


Dungeon Overview and Level Annotations

Branches:
Dungeon (11/15)            Temple (1/1) D:4            Lair (1/6) D:8
    Orc (0/2) D:10

Altars:
Ashenzari
Cheibriados
Elyvilon
Fedhas
Hepliaklqana
Kikubaaqudgha
Makhleb
Nemelex Xobeh
Okawaru
Qazlal
Ru
Sif Muna
Trog
Vehumet
Xom
Yredelemnul
Zin
Beogh

Shops:
D:4 =   D:9 !

Annotations:
D:8 exclusions: obsidian statue and orange crystal statue


Innate Abilities, Weirdness & Mutations

You are resistant to damage.
You can heal yourself by infusing magical energy.
You passively map the area around you.
You do not regenerate.


Message History

The spiny frog is moderately wounded.
The spiny frog stings you.
* * * LOW HITPOINT WARNING * * *
Some of the chunks of flesh in your inventory have rotted away.
You hit the spiny frog but do no damage.
The spiny frog is moderately wounded.
You block the spiny frog's attack.
You hit the spiny frog.
The spiny frog is moderately wounded.
The spiny frog stings you.
* * * LOW HITPOINT WARNING * * *
You are poisoned.
The spiny frog poisons you!
You hit the spiny frog but do no damage.
The spiny frog is moderately wounded.
The spiny frog barely misses you.
You hit the spiny frog.
The spiny frog is moderately wounded.
The spiny frog stings you!
You die...

░░ ░ ▒················
◦ ░ ▒▒··············· ░
░ ▒▒▒▒▒·······▒········
◦
▒▒P·▒·················
◦ ░
▒▒············▒▒▒······
░ ◦·▒··········▒·▒▒
▒······ ··········▒▒▒▒▒
▒▒▒···· ··········▒
▒▒··· ░ ·······@··▒
▒▒▒· ······F····▒ ▒· ░
···········▒ ▒▒
░◦···········▒ ░
▒▒·········▒ ◦
▒·········▒░ ░ ░
▒▒▒·····!·· ◦◦░
▒▒·······▒ ◦ ░ ◦ ◦


You could see a spiny frog.

Vanquished Creatures
  Harold (D:11)
  2 two-headed ogres (D:10)
  Sonja (D:11)
  An unseen horror (D:10)
  Psyche (D:8)
  A spiny frog (Lair:1)
  A komodo dragon (Lair:1)
  A merfolk (D:10)
  2 hippogriffs
  4 yaks (Lair:1)
  A hungry ghost (D:10)
  A water moccasin (Lair:1)
  Duvessa (D:5)
  4 orc warriors
  An ice beast (D:10)
  A hornet zombie (D:7)
  A phantom (D:9)
  3 necrophages
  3 sky beasts
  6 ogres
  6 centaurs
  3 crocodiles
  5 bullfrogs
  2 big kobolds
  Dowan (D:5)
  A wyvern skeleton (D:10)
  A scorpion (D:9)
  3 wights (D:11)
  3 killer bees (D:9)
  3 crimson imps
  3 bullfrog zombies
  5 hounds
  10 orc priests
  2 bullfrog skeletons
  6 iguanas
  2 jellies
  5 worker ants
  11 orc wizards
  A hound zombie (D:9)
  3 hound skeletons
  A howler monkey zombie (D:8)
  7 gnolls
  14 adders
  A river rat (D:4)
  2 shadow imps
  3 adder zombies
  2 adder skeletons (D:5)
  8 worms
  A dart slug (D:1)
  12 leopard geckos
  79 orcs
  A ball python (D:3)
  3 bats
  7 giant cockroaches
  8 goblins
  7 hobgoblins
  7 jackals
  5 quokkas
  2 frilled lizards
  A jackal skeleton (D:4)
  28 kobolds
  13 rats
325 creatures vanquished.

Vanquished Creatures (others)
  A fungus (Lair:1)
  A plant (D:2)
2 creatures vanquished.

Grand Total: 327 creatures vanquished

Notes
Turn   | Place    | Note
-------+----------+-------------------------------------------
     0 | D:1      | Azzok the Deep Dwarf Fighter began the quest for the Orb.
     0 | D:1      | Reached XP level 1. HP: 20/20 MP: 1/1
   184 | D:1      | Reached XP level 2. HP: 21/27 MP: 2/2
   621 | D:1      | Reached XP level 3. HP: 16/33 MP: 3/3
  1011 | D:2      | Reached XP level 4. HP: 10/40 MP: 4/4
  1046 | D:2      | Found a shimmering altar of Xom.
  1128 | D:2      | Found a blossoming altar of Fedhas.
  1183 | D:2      | Reached skill level 5 in Axes
  1594 | D:3      | Reached XP level 5. HP: 35/48 MP: 4/4
  2396 | D:3      | HP: 1/48 [orc/war axe (6)]
  2467 | D:4      | Reached XP level 6. HP: 39/55 MP: 3/3
  2580 | D:4      | Found Locol's Jewellery Emporium.
  2583 | D:4      | Bought a cursed amulet of inaccuracy for 26 gold pieces
  2584 | D:4      | Bought a cursed ring of attention for 58 gold pieces
  2905 | D:4      | Found a glowing drain.
  3031 | Sewer    | Entered a sewer
  3108 | Sewer    | Reached skill level 1 in Evocations
  3108 | Sewer    | Reached XP level 7. HP: 60/62 MP: 2/4
  3152 | Sewer    | Found a glowing silver altar of Zin.
  3540 | D:4      | Found a staircase to the Ecumenical Temple.
  3549 | Temple   | Entered the Ecumenical Temple
  3567 | Temple   | Became a worshipper of Makhleb the Destroyer
  3630 | D:5      | Entered Level 5 of the Dungeon
  3783 | D:5      | Noticed Duvessa
  3797 | D:5      | Killed Duvessa
  3798 | D:5      | Noticed Dowan
  3816 | D:5      | Killed Dowan
  3933 | D:5      | Found an ancient bone altar of Kikubaaqudgha.
  3933 | D:5      | Found a deep blue altar of Sif Muna.
  3935 | D:5      | Found a radiant altar of Vehumet.
  3941 | D:5      | Identified Vehumet's Almanac of Combat Magic
  4031 | D:5      | Found a shattered altar of Ashenzari.
  4042 | D:5      | Reached XP level 8. HP: 7/73 MP: 7/7
  4260 | D:6      | Reached * piety under Makhleb
  4305 | D:6      | Reached skill level 5 in Evocations
  4475 | D:6      | Reached skill level 5 in Fighting
  4614 | D:6      | Found a sparkling altar of Nemelex Xobeh.
  4917 | D:7      | HP: 3/75 [ogre/giant club (13)]
  5058 | D:7      | Reached ** piety under Makhleb
  5058 | D:7      | Gained mutation: You passively map the area around you. [Deep Dwarf growth]
  5058 | D:7      | Reached XP level 9. HP: 20/82 MP: 8/8
  5162 | D:7      | HP: 3/82 [orc warrior/short sword (8)]
  5355 | D:7      | Found a glowing silver altar of Zin.
  5440 | D:7      | Reached skill level 10 in Axes
  5812 | D:8      | Noticed an obsidian statue
  5913 | D:8      | Found a bloodstained altar of Trog.
  6226 | D:8      | Found a staircase to the Lair.
  6236 | D:8      | Noticed Psyche
  6247 | D:8      | Killed Psyche
  6260 | D:8      | Noticed an orange crystal statue
  6464 | D:9      | Found an iron altar of Okawaru.
  6579 | D:9      | Found a roughly hewn altar of Beogh.
  6581 | D:9      | Reached *** piety under Makhleb
  6828 | D:9      | Reached XP level 10. HP: 42/94 MP: 7/9
  6872 | D:9      | Found Qetosch's Distillery.
  6927 | D:9      | Bought a potion of heal wounds for 55 gold pieces
  7128 | D:9      | Reached **** piety under Makhleb
  7446 | D:10     | Entered Level 10 of the Dungeon
  7451 | D:10     | Noticed a two-headed ogre
  7465 | D:10     | Killed a two-headed ogre
  7465 | D:10     | Reached skill level 10 in Evocations
  7591 | D:10     | Noticed a two-headed ogre
  7604 | D:10     | Killed a two-headed ogre
  7787 | D:10     | Found a staircase to the Orcish Mines.
  8111 | D:10     | Reached ***** piety under Makhleb
  8130 | D:10     | Got a vibrating turquoise ring
  8196 | D:10     | Killed an unseen horror
  8537 | D:11     | Noticed Sonja
  8546 | D:11     | Killed Sonja
  8546 | D:11     | Reached XP level 11. HP: 36/104 MP: 9/9
  8572 | D:11     | Noticed Harold
  8606 | D:11     | Killed Harold
  8639 | D:11     | Noticed a skeletal warrior
  8774 | Lair:1   | Entered Level 1 of the Lair of Beasts
  8901 | Lair:1   | Identified the ring "Nil Napn" {+Inv rPois} (You took it off an orc on level 10 of the Dungeon)
  9172 | Lair:1   | HP: 4/106 [spiny frog (2)]
  9174 | Lair:1   | HP: 1/106 [spiny frog (3)]
  9176 | Lair:1   | Mangled by a spiny frog

Skill      XL: |  1  2  3  4  5  6  7  8  9 10 11 |
---------------+----------------------------------+-----
Axes           | 3 4 5 6 7 8 9 11 12 | 12.6
Fighting       | 3 4 5 7 8 9 |  9.3
Evocations     | 1 4 6 9 11 12 | 12.1
Armour         | |  3.4
Shields        | |  3.4

Action                   |  1- 3 |  4- 6 |  7- 9 | 10-12 || total
-------------------------+-------+-------+-------+-------++-------
Melee: War axe           |   132 |       |       |    15 ||   147
       Whip              |     3 |   228 |   522 |   427 ||  1180
 Abil: Heal Wounds       |       |     6 |     8 |     4 ||    18
Evoke: Wand              |       |       |     2 |     4 ||     6
  Use: Scroll            |       |     3 |    13 |     1 ||    17
       Potion            |       |     1 |     1 |     2 ||     4
 Stab: Paralysed         |       |       |     5 |    18 ||    23
  Eat: Chunk             |     1 |     7 |    12 |     8 ||    28
       Ration            |       |       |       |     1 ||     1
Armor: Scale mail        |    72 |    62 |       |       ||   134
       Chain mail        |       |    11 |   186 |   110 ||   307
Dodge: Dodged            |    79 |    86 |   177 |   121 ||   463
Block: Shield            |       |       |    26 |   148 ||   174
